Map: Berlingrad LE

Players

Kickboyface - Winner!

  • Race: Terran Terran

VOD

Have the link to the VOD?

Description

Time

  • Played on: Jan. 21, 2022, 4:06 a.m.
  • Length: 30:32
Show
View Real Time Build Order
Export as new Build Order

Kickboyface Terran - Winner!

Build Orders:  

Get SALT Encoding   

  12  0:00  SCV  
  13  0:20  Supply Depot  
  13  0:31  Refinery  
  13  0:34  SCV  
  14  0:55  Barracks  
  7  1:00  SCV  
  15  1:16  SCV  
  16  1:35  SCV  
  17  1:51  Barracks  
  17  1:52  SCV  
  18  2:03  Marine  
  18  2:08  Supply Depot  
  19  2:11  SCV  
  20  2:38  Barracks Tech Lab  
  20  2:52  Command Center  
  20  2:54  SCV  
  21  3:08  Marauder  
  23  3:15  Barracks Reactor  
  23  3:38  Marine  
  24  3:47  Engineering Bay  
  24  3:52  Factory  
  24  4:08  Marine  
  25  4:13  Marine x2  
  25  4:19  SCV  
  28  4:28  Terran Infantry Weapons Level 1  
  28  4:33  Marine  
  28  4:37  Marine  
  28  4:38  Marine  
  31  4:47  SCV  
  32  4:52  Refinery  
  32  4:58  Marauder  
  34  5:03  Factory Tech Lab  
  34  5:09  Marine x2  
  36  5:28  Marauder  
  36  5:29  Supply Depot  
  38  5:34  Marine x2  
  40  5:40  Orbital Command  
  40  5:52  SCV  
  41  6:02  Supply Depot  
  41  6:06  Siege Tank  
  44  6:11  Marine  
  44  6:15  Marine  
  46  6:25  SCV  
  40  6:30  SCV  
  47  6:36  Marine  
  49  6:40  Unknown  
  49  6:43  Marine  
  49  6:44  Marine  
  49  6:49  SCV  
  52  6:51  SCV  
  53  7:00  Refinery  
  53  7:04  Supply Depot  
  53  7:07  Marine  
  54  7:11  Marine  
  54  7:14  Marine  
  56  7:27  SCV  
  57  7:35  SCV  
  58  7:43  Marine x2  
  58  7:46  Marauder  
  62  7:50  Siege Tank  
  62  7:58  Starport  
  65  8:08  Marine x2  
  67  8:11  Supply Depot  
  67  8:13  SCV  
  67  8:15  SCV  
  69  8:33  Marine  
  70  8:41  Marauder, Marine  
  70  8:45  Supply Depot  
  73  8:51  Siege Tank  
  76  9:07  Marine x2  
  78  9:15  Marauder, Medivac  
  82  9:23  Starport  
  82  9:32  SCV  
  82  9:33  SCV  
  84  9:42  Terran Infantry Armor Level 1  
  84  9:47  Armory  
  84  9:50  SCV  
  85  10:30  Supply Depot  
  85  10:34  Marine  
  86  10:56  Supply Depot  
  86  11:00  Siege Tank, Marauder, Marine, Medivac  
  86  11:02  Supply Depot  
  86  11:04  Terran Ship Weapons Level 1  
  94  11:26  Marine x2, SCV x2, Medivac  
  94  11:27  Supply Depot  
  100  11:33  Supply Depot  
  100  11:36  Stimpack  
  100  11:51  Marine x2  
  100  11:58  Marauder  
  104  12:00  Supply Depot  
  104  12:08  Medivac  
  106  12:33  Refinery  
  89  12:52  Marine x2  
  89  12:53  Marine  
  88  13:01  Siege Tank  
  88  13:02  Medivac x2  
  95  13:11  Siege Tank  
  95  13:17  Marine x2  
  95  13:18  Marine  
  98  13:33  SCV  
  99  13:42  Marauder, Marine x2  
  99  13:46  Siege Tank  
  89  14:26  Marine x2, Concussive Shells  
  89  14:27  Marine  
  92  14:30  Medivac x2  
  92  14:31  Thor  
  92  14:51  Marine x2  
  92  14:52  Marine  
  92  14:56  Terran Vehicle And Ship Armor Level 1  
  92  14:58  Terran Infantry Weapons Level 2  
  88  15:12  Medivac  
  88  15:16  Marine x2  
  88  15:17  Marine  
  69  15:41  Marine x2  
  69  15:42  Marine  
  69  15:50  Siege Tank  
  69  15:52  Medivac  
  69  15:54  Medivac  
  76  16:06  Marauder, Marine x2  
  61  16:31  Marine x2  
  61  16:33  Medivac  
  61  16:35  Siege Tank  
  61  16:36  Marauder  
  68  16:55  Marine  
  68  16:56  Marine  
  70  17:06  Marine  
  65  17:20  Marine  
  65  17:21  Marine  
  64  17:31  Marine  
  65  17:41  Barracks  
  65  17:44  Supply Depot  
  65  17:45  Marine  
  65  17:46  Marine  
  67  17:52  Siege Tank  
  67  17:56  Marauder  
  72  18:02  Medivac  
  72  18:04  Starport Reactor  
  74  18:10  Marine  
  74  18:11  Marine  
  74  18:12  Terran Infantry Weapons Level 3  
  74  18:15  Terran Vehicle And Ship Armor Level 2  
  74  18:17  Supply Depot  
  76  18:26  Marauder  
  78  18:35  Marine x2  
  80  18:48  Medivac  
  82  18:51  Factory  
  82  18:56  Marauder  
  82  18:57  Barracks Reactor  
  84  19:00  Marine x2  
  84  19:02  Barracks  
  84  19:08  Medivac x2  
  90  19:25  Marine x2  
  90  19:26  Marauder, Thor  
  100  19:39  Medivac  
  102  19:50  Marine x2  
  104  20:01  Supply Depot  
  104  20:08  Hellion  
  106  20:15  Marine x2  
  108  20:23  Marine x2  
  108  20:25  Barracks Reactor  
  110  20:30  Marauder  
  110  20:34  Supply Depot  
  110  20:38  Hellion  
  114  20:42  Medivac  
  114  20:45  Medivac  
  114  20:48  Marine x2  
  120  20:50  Hellion  
  122  21:08  Hellbat  
  124  21:13  Marine x2  
  124  21:17  Marine x2  
  128  21:37  Command Center  
  128  21:44  Marauder  
  130  22:07  Marine x2  
  130  22:09  Marine  
  134  22:10  Marine  
  102  22:34  Marine  
  68  23:10  Marine x3  
  68  23:11  Marine x4  
  75  23:35  Marine x4  
  75  23:36  Marine x3  
  82  23:58  Hellbat  
  82  23:59  Hellbat  
  86  24:00  Medivac  
  86  24:01  Marauder  
  86  24:06  Marine x4  
  86  24:07  Marine x2  
  96  24:13  SCV  
  94  24:31  Marine  
  93  25:04  Marine x3  
  93  25:05  Marine x4  
  99  25:15  Terran Infantry Armor Level 2  
  99  25:18  Terran Vehicle And Ship Armor Level 3  
  99  25:29  Marine x3  
  102  25:37  Refinery  
  102  25:55  Command Center  
  98  26:40  Marine x3  
  98  26:41  Marine x4  
  98  26:43  Siege Tank  
  98  26:45  Medivac x2  
  112  27:05  Marine x3  
  112  27:06  Marine x2  
  117  27:13  Marine x2  
  119  27:28  Thor  
  125  27:30  Marine x3  
  125  27:31  Marine x2  
  130  27:51  Marine  
  130  27:52  Marine  
  130  27:55  Hellion, Marine x4  
  130  27:56  Marine  
  139  28:25  Hellion  
  141  28:33  Marine x2  
  141  28:34  Marine x3  
  141  28:37  Reaper x2, Hellbat  
  150  28:55  Hellbat  
  150  28:58  Marine x2  
  150  28:59  Marine x3  
  157  29:17  Marine x2  
  157  29:18  Hellion  
  161  29:20  Medivac  
  161  29:23  Marine x2  
  161  29:24  Marine x2  
  161  29:25  Hellion  
  169  30:00  Marine x3  
  169  30:01  Marine x3  
  179  30:20  Supply Depot  
Tags
 
Add a new tag
Caveats
  • Supply blocks, unpowered buildings, or Contaminate may cause inaccurate times.
  • Supply counts are checked every 10 seconds.